Map: [ESL] Site Delta

Players

Cure

  • Race: Terran Terran
  • Spawn Location: 11:00

Maru - Winner!

  • Race: Terran Terran
  • Spawn Location: 5:00

Event: ESL SC2 Masters 2023 Winter (Finals)

VOD

Have the link to the VOD?

Description

Time

  • Played on: Dec. 15, 2023, 12:51 p.m.
  • Length: 22:56

All games in this series

Show
View Real Time Build Order
Export as new Build Order

Cure Terran 

Build Orders: Reaper Expand, Mech, Banshee Rush 

Get SALT Encoding   

  12  0:00  SCV  
  13  0:12  SCV  
  14  0:17  Supply Depot  
  14  0:24  SCV  
  15  0:38  SCV  
  15  0:40  Barracks  
  15  0:42  Refinery  
  16  0:50  SCV  
  17  1:02  SCV  
  18  1:14  SCV  
  19  1:27  Orbital Command, Reaper  
  20  1:39  Command Center  
  20  1:45  Supply Depot  
  20  1:53  SCV  
  21  1:59  Marine  
  22  2:05  SCV  
  22  2:07  Factory  
  23  2:10  Refinery  
  23  2:17  SCV  
  23  2:19  Barracks Reactor  
  24  2:29  SCV  
  25  2:41  SCV  
  26  2:50  Orbital Command  
  26  2:52  Starport  
  26  2:53  SCV  
  29  2:58  Hellion  
  29  2:59  Hellion  
  29  3:01  Barracks Tech Lab  
  31  3:06  SCV  
  31  3:12  Supply Depot  
  32  3:16  SCV  
  32  3:18  SCV  
  36  3:20  Hellion x2  
  38  3:28  SCV  
  38  3:30  SCV  
  38  3:32  Refinery  
  38  3:33  Cloaking Field  
  40  3:34  Banshee  
  40  3:40  SCV  
  44  3:42  SCV  
  44  3:43  Cyclone  
  44  3:48  Cyclone  
  49  3:52  Supply Depot  
  49  3:54  SCV x2  
  51  4:02  Supply Depot  
  51  4:06  SCV x2  
  53  4:17  Banshee  
  53  4:18  SCV x2  
  53  4:20  Cyclone x2  
  62  4:30  SCV x2  
  64  4:31  Hyperflight Rotors  
  64  4:34  Supply Depot  
  64  4:43  SCV x2  
  66  4:46  Command Center  
  66  4:47  Refinery  
  66  4:54  Supply Depot  
  66  4:55  SCV x2  
  70  5:04  Banshee  
  70  5:05  Cyclone  
  70  5:06  Cyclone  
  74  5:11  SCV x2  
  76  5:20  Supply Depot  
  76  5:23  SCV x2  
  76  5:26  Barracks Reactor, Factory  
  78  5:30  Factory  
  78  5:35  SCV x2  
  80  5:37  Cyclone  
  80  5:38  Cyclone  
  84  5:47  Banshee, SCV x2  
  89  5:59  SCV x2  
  89  6:00  Armory  
  89  6:01  Orbital Command  
  89  6:02  Armory  
  91  6:11  SCV x2  
  91  6:15  Hellion x2, Factory Tech Lab  
  97  6:19  Factory  
  97  6:20  Refinery  
  97  6:23  SCV  
  97  6:24  Factory, Refinery  
  98  6:30  SCV  
  99  6:34  SCV  
  99  6:35  SCV  
  99  6:39  Siege Tank  
  104  6:44  SCV  
  104  6:45  Engineering Bay  
  104  6:46  SCV  
  106  6:48  SCV  
  106  6:54  Viking, Supply Depot x2  
  109  6:55  Hurricane Engines  
  109  7:10  Factory Tech Lab, Factory Reactor  
  109  7:13  Supply Depot  
  109  7:14  SCV x2  
  109  7:15  Viking, Hellion x2, Cyclone, Supply Depot  
  117  7:16  SCV  
  117  7:19  Cyclone  
  120  7:26  SCV x2  
  120  7:28  SCV  
  120  7:29  Cyclone  
  125  7:32  Terran Vehicle Weapons Level 1  
  125  7:35  Viking  
  125  7:36  Supply Depot  
  127  7:37  Missile Turret  
  127  7:43  Missile Turret  
  127  7:47  Siege Tank, Cyclone  
  127  7:49  Cyclone  
  134  7:53  Cyclone  
  134  7:56  Viking, Supply Depot  
  138  8:02  SCV x3  
  141  8:10  Viking, Cyclone x2  
  144  8:13  Cyclone  
  144  8:19  Infernal Pre-Igniter  
  146  8:23  Cyclone x2  
  146  8:24  Cyclone  
  146  8:25  Hellion  
  150  8:42  Cyclone x2  
  150  8:45  Siege Tank  
  157  8:52  Hellion  
  157  8:55  Hellion  
  157  8:57  Cyclone  
  157  8:59  Orbital Command  
  157  9:24  Viking  
  157  9:28  Hellion x2  
  157  9:40  Refinery  
  157  9:42  Refinery  
  157  9:51  Cyclone  
  157  9:52  Supply Depot  
  156  9:53  Supply Depot  
  156  9:56  Siege Tank, Cyclone x2  
  156  9:57  Hellion, Supply Depot  
  156  9:58  Supply Depot  
  172  10:14  Hellion, Cyclone  
  172  10:17  Terran Vehicle Weapons Level 2  
  172  10:18  Cyclone, Terran Vehicle And Ship Armor Level 1  
  171  10:23  Siege Tank  
  171  10:24  SCV  
  171  10:25  SCV x2  
  177  10:29  Hellion, Cyclone x2  
  177  10:33  Liberator, Command Center  
  177  10:35  Cyclone  
  188  10:41  SCV x2  
  188  10:42  SCV  
  191  10:46  Cyclone  
  191  10:53  SCV  
  191  10:54  SCV x2  
  191  10:55  Factory  
  191  10:56  Factory  
  194  10:57  Command Center, Factory, Refinery  
  194  10:59  Cyclone  
  196  11:08  Liberator  
  197  11:25  Sensor Tower, SCV x2  
  197  11:34  Sensor Tower  
  197  11:39  Factory Tech Lab  
  197  11:40  Factory Tech Lab, Factory Reactor  
  197  11:45  SCV x3  
  197  11:46  Orbital Command  
  199  11:57  SCV  
  200  12:13  Terran Vehicle And Ship Armor Level 2  
  200  12:20  Command Center  
  200  12:22  Command Center  
  200  12:27  Command Center  
  200  12:29  Command Center  
  197  12:48  Planetary Fortress, Siege Tank  
  200  12:56  Missile Turret  
  184  13:05  Cyclone  
  184  13:06  Hellion x2, Siege Tank x2, Cyclone x3  
  184  13:08  Siege Tank x2  
  179  13:18  Viking x2  
  176  13:20  Siege Tank  
  174  13:38  Siege Tank x2  
  174  13:40  Siege Tank x2  
  174  13:48  Viking x2  
  174  13:50  Hellion x2, Cyclone x2  
  174  13:52  Siege Tank  
  179  14:10  Siege Tank  
  179  14:11  Cyclone x2  
  179  14:12  Siege Tank x2, Hellion x2  
  179  14:15  Planetary Fortress  
  196  14:18  Viking x2, Orbital Command  
  200  14:35  Orbital Command  
  181  14:54  Siege Tank x2  
  161  15:00  Orbital Command, Siege Tank, Hellion x5  
  151  15:11  Orbital Command  
  151  15:13  Hellion x3  
  142  15:30  Hellion, Siege Tank x2, Cyclone  
  142  15:31  Viking x2, Hellion x2  
  142  15:32  Siege Tank  
  120  15:52  Orbital Command  
  120  15:55  Hellion, Cyclone x2  
  120  15:56  Cyclone x3, Hellion  
  134  16:03  Cyclone x3  
  140  16:04  Cyclone  
  140  16:17  Cyclone x2  
  124  16:21  Liberator  
  124  16:24  Refinery  
  127  16:26  Refinery  
  127  16:27  Liberator, Cyclone x2  
  127  16:29  Refinery x2  
  127  16:32  SCV x2  
  136  16:33  Missile Turret  
  136  16:34  SCV x2  
  138  16:41  Cyclone x2  
  138  16:45  SCV x3  
  138  16:56  Cyclone x2  
  142  17:02  Orbital Command  
  142  17:03  Siege Tank  
  142  17:04  Hellion x2  
  146  17:15  Siege Tank  
  146  17:16  Hellion  
  146  17:17  Hellion x2  
  146  17:20  Viking  
  154  17:23  Viking  
  147  17:31  Siege Tank  
  145  17:43  Siege Tank, Cyclone  
  150  17:44  Hellion x4  
  150  17:46  SCV x3  
  150  17:49  SCV x2  
  150  17:50  Command Center  
  154  17:58  Viking x2  
  156  18:03  SCV  
  156  18:04  SCV  
  156  18:05  SCV  
  156  18:09  Cyclone  
  156  18:17  Siege Tank, Cyclone  
  155  18:27  Liberator  
  155  18:28  Liberator  
  155  18:38  Siege Tank x2  
  161  18:42  Hellion, Refinery  
  161  18:45  Siege Tank  
  166  18:50  Siege Tank, Hellion  
  171  18:57  Siege Tank  
  174  19:03  Hellion  
  174  19:04  Hellion  
  174  19:05  Hellion  
  165  19:17  Siege Tank x2  
  171  19:25  Siege Tank, Hellion  
  171  19:26  Hellion  
  171  19:27  Hellion  
  180  19:32  Liberator  
  180  19:34  Command Center  
  178  19:44  Cyclone x3  
  165  20:08  Cyclone x3  
  165  20:10  Planetary Fortress  
  171  20:15  Cyclone  
  171  20:20  Cyclone x3, Refinery  
  179  20:22  Cyclone x2, Refinery  
  183  20:28  Viking x2  
  184  20:41  Cyclone x4  
  192  20:49  Cyclone x2  
  192  20:57  SCV x5  
  192  21:03  SCV  
  195  21:09  SCV  
  189  21:23  Cyclone x2  
  189  21:24  Cyclone x3  
  195  21:26  Cyclone x2  
  181  21:32  Cyclone  
  181  21:33  Cyclone  
  146  21:40  Cyclone x2  
  124  21:55  Cyclone  
  124  21:56  Hellion, Cyclone x2  
  124  21:57  Planetary Fortress  
  119  22:06  Cyclone x4  
  119  22:08  Viking x2  
  126  22:09  Cyclone  
  126  22:12  Cyclone  
  130  22:16  Cyclone  
Show
View Real Time Build Order
Export as new Build Order

Maru Terran - Winner!

Build Orders: Cyclone Opening, Mech 

Get SALT Encoding   

  12  0:00  SCV  
  13  0:12  SCV  
  14  0:17  Supply Depot  
  14  0:24  SCV  
  15  0:39  SCV  
  15  0:41  Barracks  
  16  0:45  Refinery  
  16  0:51  SCV  
  16  0:52  Refinery  
  17  1:03  SCV  
  18  1:15  SCV  
  19  1:27  Orbital Command, Reaper  
  19  1:32  Supply Depot  
  20  1:41  Factory  
  20  1:53  SCV  
  21  1:59  Reaper  
  22  2:05  SCV  
  23  2:16  Command Center  
  23  2:17  SCV  
  24  2:24  Cyclone  
  24  2:29  SCV  
  27  2:33  Supply Depot  
  27  2:41  SCV  
  28  2:46  Starport  
  28  2:47  Barracks Reactor  
  28  2:53  SCV  
  28  2:57  Cyclone  
  31  3:05  SCV  
  32  3:18  SCV  
  33  3:23  Starport Tech Lab  
  33  3:24  Marine x2  
  35  3:28  Orbital Command  
  35  3:30  SCV  
  35  3:31  Factory Tech Lab, Refinery  
  36  3:42  Raven, SCV  
  39  3:51  Command Center  
  39  3:54  SCV  
  40  3:59  Siege Tank  
  42  4:03  SCV  
  42  4:06  SCV  
  44  4:15  SCV  
  44  4:16  Raven, Marine x2  
  49  4:18  SCV  
  49  4:21  Refinery  
  49  4:23  Supply Depot  
  50  4:27  SCV  
  50  4:30  Interference Matrix, SCV  
  51  4:39  Siege Tank  
  51  4:44  SCV x2  
  56  4:49  Marine x2  
  60  4:53  Raven  
  60  4:56  Supply Depot  
  60  4:57  SCV x2  
  62  5:02  Orbital Command  
  62  5:09  SCV  
  62  5:10  SCV  
  62  5:11  Siege Tank  
  67  5:14  Marine x2  
  67  5:21  SCV  
  70  5:22  SCV  
  70  5:24  Barracks x2  
  71  5:31  Factory  
  71  5:32  Factory  
  71  5:33  SCV x2  
  71  5:34  SCV  
  74  5:38  Raven  
  74  5:40  Supply Depot  
  78  5:46  SCV x2  
  78  5:49  SCV  
  77  5:56  Cyclone x2  
  81  5:58  SCV x2  
  81  6:01  SCV  
  81  6:03  Supply Depot x2  
  84  6:06  Engineering Bay  
  84  6:10  SCV  
  83  6:16  Factory Reactor  
  83  6:24  Cyclone  
  83  6:25  Hurricane Engines  
  85  6:27  SCV  
  85  6:28  Cyclone x2  
  85  6:30  Viking  
  87  6:38  SCV x2  
  87  6:39  Supply Depot, SCV  
  90  6:43  Missile Turret  
  90  6:45  Missile Turret  
  90  6:47  Marine  
  90  6:52  Cyclone  
  90  6:53  Cyclone  
  95  6:54  SCV  
  95  6:55  SCV  
  95  6:56  Siege Tank  
  95  7:00  Cyclone x2  
  104  7:04  Marine  
  104  7:13  Orbital Command  
  104  7:19  SCV  
  105  7:25  Liberator, Cyclone x2  
  105  7:29  Cyclone, Supply Depot x2  
  114  7:32  Cyclone  
  114  7:34  Missile Turret  
  116  7:38  Armory  
  116  7:39  SCV  
  117  7:48  Supply Depot  
  117  7:50  Factory, SCV x2  
  119  7:55  Cyclone  
  121  7:58  SCV  
  121  8:03  SCV  
  121  8:05  SCV  
  121  8:11  Siege Tank, Hellion  
  126  8:15  SCV x2  
  126  8:16  Refinery  
  126  8:17  Refinery  
  126  8:18  Supply Depot  
  128  8:25  Command Center  
  128  8:27  SCV  
  128  8:29  Terran Vehicle Weapons Level 1  
  128  8:33  SCV  
  130  8:37  Cyclone  
  130  8:39  Cyclone  
  128  8:46  SCV x2  
  122  8:48  Cyclone  
  122  8:49  Cyclone  
  123  8:56  Cyclone  
  123  8:57  Cyclone  
  123  8:59  SCV x3  
  120  9:11  SCV x3  
  119  9:23  SCV x3  
  119  9:27  Cyclone x2  
  120  9:35  SCV x3  
  123  9:42  Siege Tank x2  
  129  9:47  SCV x2  
  129  9:48  Supply Depot, SCV  
  132  9:59  Factory, SCV  
  134  10:00  SCV x2  
  134  10:07  Cyclone  
  134  10:12  SCV x3  
  141  10:14  Siege Tank, Cyclone  
  141  10:17  Supply Depot  
  141  10:21  Cyclone  
  146  10:22  Siege Tank  
  146  10:24  SCV x3  
  152  10:28  Sensor Tower  
  152  10:33  Terran Vehicle Weapons Level 2  
  152  10:36  SCV  
  152  10:40  Sensor Tower  
  152  10:42  Supply Depot  
  153  10:44  Orbital Command  
  153  10:45  SCV  
  154  10:51  Factory Tech Lab  
  154  10:52  Siege Tank  
  154  10:54  Infernal Pre-Igniter  
  157  10:59  Siege Tank  
  157  11:03  SCV x2  
  162  11:10  Cyclone  
  162  11:11  Hellion, Cyclone  
  168  11:12  SCV  
  168  11:13  SCV  
  168  11:16  Supply Depot  
  170  11:21  Armory  
  170  11:24  Siege Tank  
  173  11:26  Hellion x2  
  173  11:28  Starport Tech Lab  
  173  11:29  Supply Depot  
  173  11:30  SCV  
  173  11:31  SCV  
  179  11:38  Siege Tank  
  182  11:42  SCV  
  183  11:47  Raven, Command Center, Supply Depot  
  185  11:56  Siege Tank  
  188  12:03  Siege Tank  
  188  12:04  Cyclone x2  
  188  12:05  Cyclone  
  188  12:07  Cyclone  
  195  12:12  SCV x2  
  196  12:16  Terran Vehicle And Ship Armor Level 1  
  196  12:20  Missile Turret  
  196  12:28  Siege Tank, SCV  
  200  12:40  Command Center, Refinery x2  
  200  12:41  Command Center  
  200  12:51  Terran Vehicle Weapons Level 3  
  200  13:03  SCV  
  193  13:09  Siege Tank x2, Cyclone x3  
  183  13:17  Cyclone x2  
  183  13:19  Raven  
  189  13:20  SCV  
  189  13:22  Missile Turret  
  187  13:36  SCV  
  187  13:41  Siege Tank x2, Cyclone x2, SCV x2  
  188  13:42  SCV  
  194  13:48  SCV  
  194  13:55  SCV x2  
  194  14:00  Siege Tank, Cyclone  
  199  14:12  Terran Vehicle And Ship Armor Level 2  
  199  14:13  Command Center  
  199  14:14  Orbital Command  
  199  14:21  Planetary Fortress  
  199  14:35  Cyclone  
  199  14:37  Cyclone  
  194  14:54  Siege Tank x2, Cyclone  
  189  15:03  Cyclone  
  189  15:04  Cyclone  
  179  15:07  Cyclone  
  179  15:09  Cyclone  
  170  15:26  Cyclone x3  
  167  15:29  SCV x4  
  155  15:36  Cyclone x2, SCV  
  155  15:39  Cyclone  
  155  15:41  Orbital Command, Cyclone, SCV x4  
  166  15:43  Command Center  
  166  15:45  Raven  
  166  15:48  SCV  
  157  15:53  SCV x4  
  161  15:58  Cyclone x3  
  167  16:08  Cyclone x2  
  171  16:11  Cyclone  
  171  16:13  Cyclone  
  172  16:19  Raven  
  172  16:24  Command Center  
  174  16:30  Siege Tank, Cyclone  
  179  16:39  Terran Vehicle And Ship Armor Level 3, Starport x3  
  174  16:40  Terran Ship Weapons Level 1, Siege Tank  
  174  16:41  Cyclone  
  174  16:42  Starport  
  172  16:53  Hellbat x3  
  175  17:02  Siege Tank  
  175  17:03  Hellbat  
  180  17:12  Hellbat  
  178  17:23  Missile Turret  
  164  17:31  Cyclone x2  
  164  17:35  Viking x5  
  176  17:43  Cyclone  
  176  17:44  Cyclone x3  
  184  17:46  Missile Turret  
  184  17:47  Planetary Fortress, SCV x4  
  184  17:48  SCV  
  189  18:05  Viking, Raven  
  193  18:06  Viking  
  193  18:08  Orbital Command  
  195  18:16  Siege Tank  
  192  18:24  Viking, Liberator  
  197  18:29  Fusion Core  
  197  18:34  Liberator  
  200  18:49  Missile Turret  
  200  18:50  Missile Turret  
  200  18:53  Starport Tech Lab, Missile Turret  
  200  18:59  Command Center  
  200  19:05  Command Center  
  197  19:13  Viking x2  
  197  19:14  Raven x2  
  190  19:28  Cyclone x4  
  196  19:32  SCV x2  
  198  19:42  Advanced Ballistics  
  198  19:46  Refinery  
  192  19:54  Missile Turret x2, Refinery x2  
  192  19:55  Missile Turret x3  
  192  19:58  Liberator  
  192  19:59  Liberator  
  192  20:02  Refinery  
  186  20:07  Liberator  
  186  20:16  Cyclone x2  
  186  20:19  Command Center  
  190  20:25  Siege Tank  
  193  20:29  Missile Turret, Refinery  
  193  20:30  Refinery  
  193  20:36  Terran Ship Weapons Level 2  
  193  20:40  Missile Turret  
  193  20:53  Missile Turret  
  193  20:54  Planetary Fortress  
  193  21:00  Command Center  
  193  21:06  Missile Turret  
  193  21:08  Liberator x2  
  199  21:13  Missile Turret  
  199  21:28  Missile Turret  
  195  21:37  Siege Tank x3  
  171  21:45  Viking, Cyclone x3  
  167  21:48  Missile Turret  
  164  21:57  Viking x2  
  164  22:00  Refinery  
  170  22:01  Cyclone  
  170  22:09  Siege Tank x3  
  170  22:11  Orbital Command x2  
  170  22:12  Command Center  
  179  22:17  Cyclone x3  
Tags
 
Add a new tag
Caveats
  • Supply blocks, unpowered buildings, or Contaminate may cause inaccurate times.
  • Supply counts are checked every 10 seconds.